 Dungeon Crawl Stone Soup version 0.13.0-9-gbc74161 (webtiles) character file.

1292 Nyohoho the Martial Artist (level 8, -4/59 HPs)
             Began as a Mummy Monk on Oct 17, 2013.
             Was a Priest of Cheibriados.
             Slain by an ice beast (7 damage)
             ... on Level 5 of the Dungeon.
             The game lasted 00:17:20 (8158 turns).

Nyohoho the Grappler (Mummy Monk)                   Turns: 8158, Time: 00:17:20

HP  -4/59        AC  6     Str 23      XL: 8   Next:  7%
MP   7/7         EV 11     Int 16      God: Cheibriados [***...]
Gold 221         SH  0     Dex 23      Spells:  0 memorised,  7 levels left

Res.Fire  : x . .   See Invis. : .     - Unarmed
Res.Cold  : + . .   Warding    : .   h - +0 ring mail
Life Prot.: + + +   Conserve   : .   (no shield)
Res.Poison: +       Res.Corr.  : .   d - +1 elf wizard hat
Res.Elec. : .       Clarity    : .   (no cloak)
Sust.Abil.: . .     Spirit.Shd : .   (no gloves)
Res.Mut.  : .       Stasis     : .   (no boots)
Res.Rott. : +       Flight     : .   (no amulet)
Saprovore : . . .                    m - ring of protection from magic
                                     b - +2 ring of dexterity

@: very slow, quite resistant to hostile enchantments, fairly stealthy
A: no food or potions, fire vulnerability, restore body, cold resistance 1, life
protection 3, poison resistance, torment resistance, unbreathing
a: Bend Time, Temporal Distortion, Renounce Religion


You were on level 5 of the Dungeon.
You worshipped Cheibriados.
Cheibriados was most pleased with you.
You were not hungry.

You visited 2 branches of the dungeon, and saw 7 of its levels.

You collected 221 gold pieces.

Inventory:

Missiles
 e - 2 poisoned darts (quivered)
Armour
 a - a +0 robe
 d - a +1 elven wizard hat (worn)
 h - a +0 ring mail (worn)
Scrolls
 c - 2 scrolls of fog {unknown}
 f - a scroll of enchant armour {unknown}
 g - 3 scrolls of blinking {unknown}
 i - a scroll of amnesia {unknown}
 j - 3 scrolls of enchant weapon I
 k - 3 scrolls of remove curse
 o - 3 scrolls of curse jewellery {unknown}
Jewellery
 b - a +2 ring of dexterity (left hand)
 l - the amulet "Weaneve" {Cons Acc-2}
   (You found it on level 4 of the Dungeon)

   [amulet of conservation]

   It affects your accuracy (-2).
 m - a ring of protection from magic (right hand)


   Skills:
 + Level 4.8 Fighting
 - Level 2.4 Dodging
 - Level 1.5 Stealth
 - Level 8.0 Unarmed Combat


You had 7 spell levels left.
You didn't know any spells.

Dungeon Overview and Level Annotations

Branches:
Dungeon (6/27)             Temple (1/1) D:4
    Orc: D:6-11

Altars:
Ashenzari
Cheibriados
Elyvilon
Fedhas
Kikubaaqudgha
Nemelex Xobeh
Trog
the Shining One

Annotations:
D:2 Sigmund
D:3 exclusions: upstairs and 1 more exclusion, 4tharraofdagon's ghost, weakling NaBe
D:5 Pikel


Innate Abilities, Weirdness & Mutations

You do not eat or drink.
Your flesh is vulnerable to fire.
Your flesh is cold resistant.
You are immune to negative energy.
Your system is resistant to poisons.
You are immune to unholy pain and torment.
You can survive without breathing.


Message History

The ice beast is heavily wounded.
The ice beast hits you but does no damage.
You barely miss the ice beast.
The ice beast is heavily wounded.
The ice beast hits you.
* * * LOW HITPOINT WARNING * * *
The ice beast freezes you! You resist.
* * * LOW HITPOINT WARNING * * *
You barely miss the ice beast.
The ice beast is heavily wounded.
The ice beast hits you.
* * * LOW HITPOINT WARNING * * *
The ice beast freezes you. You resist.
* * * LOW HITPOINT WARNING * * *
You hit the ice beast but do no damage.
The ice beast is heavily wounded.
The ice beast hits you.
* * * LOW HITPOINT WARNING * * *
The ice beast freezes you! You resist.
You die... r

#'# #.# #.#
######'#########
#........?..!..#
#..............#
#.........@I...#
#####..........#
##(####....#
#.....##...# #.?...#
####
#.....#################
##...........%.........
######################


You could see an ice beast.

Vanquished Creatures
  A phantom (D:3)
  A slave (D:5)
  An ogre (D:4)
  A sky beast (D:5)
  3 killer bees (D:6)
  2 crimson imps (D:5)
  5 hounds
  An orc priest (D:4)
  2 orc wizards
  5 worker ants
  2 scorpions
  An ogre skeleton (D:5)
  A hound skeleton (D:5)
  A gnoll (D:3)
  5 adders
  3 worms (D:3)
  An adder skeleton (D:4)
  A giant eyeball (D:4)
  3 giant geckos
  An ooze (D:5)
  10 orcs
  12 bats
  2 giant cockroaches
  A gnoll skeleton (D:5)
  11 goblins
  14 hobgoblins
  8 jackals
  6 kobolds
  4 quokkas (D:3)
  A ball python (D:4)
  A ball python skeleton (D:5)
  4 giant newts
  2 goblin skeletons (D:4)
  A hobgoblin zombie (D:5)
  A quokka skeleton (D:5)
  2 rats
121 creatures vanquished.

Notes
Turn   | Place    | Note
--------------------------------------------------------------
     0 | D:1      | Nyohoho, the Mummy Monk, began the quest for the Orb.
     0 | D:1      | Reached XP level 1. HP: 16/16 MP: 0/0
   614 | D:1      | Reached XP level 2. HP: 13/22 MP: 1/1
  1793 | D:2      | Reached skill level 4 in Unarmed Combat
  1851 | D:3      | Noticed 4tharraofdagon's ghost (weakling NaBe)
  2103 | D:2      | Noticed Sigmund
  2583 | D:3      | Reached XP level 3. HP: 14/28 MP: 2/2
  2869 | D:3      | Reached XP level 4. HP: 20/34 MP: 3/3
  3580 | D:3      | Reached skill level 5 in Unarmed Combat
  4169 | D:3      | Reached XP level 5. HP: 30/39 MP: 4/4
  4315 | D:4      | Got a faintly glowing crystal amulet
  4355 | D:3      | Identified the amulet "Weaneve" {Cons Acc-2} (You found it on level 4 of the Dungeon)
  4384 | D:4      | Noticed a phantom
  4818 | D:3      | Reached skill level 6 in Unarmed Combat
  4818 | D:3      | Reached XP level 6. HP: 27/46 MP: 5/5
  5145 | D:4      | Paralysed by a giant eyeball for 3 turns
  5841 | D:4      | Noticed an ogre
  5842 | D:4      | Found a staircase to the Ecumenical Temple.
  6041 | Temple   | Entered the Ecumenical Temple
  6053 | Temple   | Became a worshipper of Cheibriados the Contemplative
  6053 | Temple   | Acquired Cheibriados' first power
  6255 | D:4      | Reached skill level 7 in Unarmed Combat
  6475 | D:5      | Entered Level 5 of the Dungeon
  6552 | D:5      | Reached XP level 7. HP: 49/51 MP: 6/6
  6958 | D:5      | Noticed Pikel
  7015 | D:5      | Acquired Cheibriados' second power
  7297 | D:5      | Reached skill level 8 in Unarmed Combat
  7567 | D:3      | Killed a phantom
  7736 | D:6      | Found a sparkling altar of Nemelex Xobeh.
  7756 | D:6      | Reached XP level 8. HP: 17/59 MP: 7/7
  8158 | D:5      | Slain by an ice beast

Action                   |  1- 3 |  4- 6 |  7- 9 || total
-------------------------+-------+-------+-------++-------
Melee: Unarmed           |   124 |   322 |   136 ||   582
Throw: Dart              |     3 |    17 |       ||    20
  Use: Scroll            |     4 |     2 |     2 ||     8
 Stab: Sleeping          |     1 |     1 |       ||     2
